 Seeded DCSS version 0.30-a0-924-g0ad0bf95bc (webtiles) character file.

Game seed: 7066997891792816003 (custom seed)

44 GigaChad the Conjurer (level 3, -5/19 HPs)
             Began as a Deep Elf Conjurer on Mar 22, 2023.
             Slain by Sigmund
             ... wielding a +0 scythe
              (10 damage)
             ... on level 2 of the Dungeon.
             The game lasted 00:04:30 (1174 turns).

GigaChad the Conjurer (Deep Elf Conjurer)           Turns: 1174, Time: 00:04:31

Health: -5/19      AC:  2    Str:  4    XL:     3   Next: 39%
Magic:  6/10       EV: 12    Int: 24    God:
Gold:   47         SH:  0    Dex: 13    Spells: 8/9 levels left

rFire   . . .      SeeInvis .    d - +0 lajatang
rCold   . . .      Faith    .    (shield currently unavailable)
rNeg    . . .      Spirit   .    a - +0 robe
rPois   .          Reflect  .    (no helmet)
rElec   .          Rampage  .    (no cloak)
rCorr   .                        (no gloves)
Will    +....                    (no boots)
Stlth   ++                       (no amulet)
HPRegen 0.23/turn                e - ring of willpower
MPRegen 0.12/turn                (no ring)

@: no status effects
A: no striking features
a: no special abilities


You were on level 2 of the Dungeon.
You visited 1 branch of the dungeon, and saw 2 of its levels.

You collected 47 gold pieces.

Inventory:

Hand Weapons
 d - a +0 lajatang (weapon)
Armour
 a - a +0 robe (worn)
Jewellery
 e - a ring of willpower (left hand)
 f - a +5 ring of evasion
 h - an amulet of faith
Scrolls
 c - a scroll of identify {unknown}
 g - a scroll of fear {unknown}
Potions
 b - a potion of magic
 i - a potion of degeneration {unknown}


   Skills:
 * Level 0.2 Fighting
 * Level 2.7 Dodging
 * Level 2.7 Stealth
 * Level 3.5 Spellcasting
 + Level 5.2 Conjurations


You had 8 spell levels left.
You knew the following spells:

 Your Spells              Type           Power      Damage    Failure   Level
a - Magic Dart            Conj           100%       1d8       1%          1

Your spell library contained the following spells:

 Spells                   Type           Power      Damage    Failure   Level
 Searing Ray              Conj           58%        2d6       1%          2
 Dazzling Flash           Conj/Hex       32%        N/A       11%         3
 Fulminant Prism          Conj/Hex       8%         3d6       34%         4
 Iskenderun's Mystic Bla  Conj/Tloc      16%        2d5       34%         4


Dungeon Overview and Level Annotations

Branches:
Dungeon (2/15)

Altars:

Shops:
D:1 *?*[

Annotations:
D:2 Sigmund


Message History

You climb downwards.
Found a pair of embroidered gloves.
There is a stone staircase leading up here.
You see here a +1 pair of gloves.
Sigmund and a giant cockroach come into view.
The giant cockroach moves out of view.
A giant cockroach comes into view.
Sigmund shouts!
The magic dart hits Sigmund.
Sigmund is lightly wounded.
Sigmund's eyes start glowing with a red light.
Sigmund closely misses you.
The magic dart hits Sigmund!
Sigmund is heavily wounded.
The magic dart hits Sigmund!
Sigmund is severely wounded.
Sigmund barely misses you.
The magic dart hits the giant cockroach.
The giant cockroach is moderately wounded.
The giant cockroach barely misses you.
Sigmund hits you from afar with a +0 scythe.
The magic dart hits the giant cockroach but does no damage.
The giant cockroach is moderately wounded.
The giant cockroach closely misses you.
You barely miss the giant cockroach. The giant cockroach bites you.
The giant cockroach bites you but does no damage.
Sigmund hits you from afar with a +0 scythe!
* * * LOW HITPOINT WARNING * * *
The giant cockroach barely misses you. x2
You closely miss the giant cockroach.
The giant cockroach bites you but does no damage.
The giant cockroach closely misses you. Sigmund closely misses you.
The giant cockroach bites you but does no damage. x2
You hit the giant cockroach.
The giant cockroach is almost dead.
The giant cockroach closely misses you.
The giant cockroach bites you but does no damage.
Sigmund hits you from afar with a +0 scythe!
Ouch! That really hurt!
You die...

...# ......# ..# ...##
.......###.### ....#
.............# ....#
......#......## ....#
..............###@...#
.....#..........B...#
#.###.........##@B..#
.......<....[.......#
..########....###..##
#....# ..# #....# .##
....#... .#
#...####...# #...#
#..# ....# .#


You could see Sigmund and 2 giant cockroaches.

Vanquished Creatures
  A gnoll (D:1)
  2 dart slugs (D:1)
  2 endoplasms (D:1)
  A giant cockroach (D:1)
  2 goblins (D:1)
  3 hobgoblins (D:1)
  5 jackals (D:1)
  3 ball pythons (D:1)
  4 bats (D:1)
  3 frilled lizards (D:1)
  2 rats (D:1)
28 creatures vanquished.

Notes
Turn   | Place    | Note
-------+----------+-------------------------------------------
     0 | D:1      | GigaChad the Deep Elf Conjurer began the quest for the Orb.
     0 | D:1      | Reached XP level 1. HP: 10/10 MP: 6/6
   192 | D:1      | Found Coneu's Antique Armour Shop.
   217 | D:1      | Reached XP level 2. HP: 15/15 MP: 2/8
   312 | D:1      | Found Xafienaq's General Store.
   380 | D:1      | Reached skill level 5 in Conjurations
   619 | D:1      | Found Lacud's Magic Scroll Boutique.
   670 | D:1      | Reached XP level 3. HP: 19/19 MP: 5/9
   764 | D:1      | Found Toklaug's Assorted Antiques.
  1165 | D:2      | Noticed Sigmund
  1174 | D:2      | Slain by Sigmund

Illustrated notes

Levels and vault maps discovered:
D:1:      dpeg_arrival_tiny_d, layout_basic, serial_shops, shop, shop,
          nicolae_shop_behind_doors, shop
D:2:      layout_rooms, hellmonk_ecumenical_altar_zigzags, uniq_sigmund

Skill      XL: |  1  2 |
---------------+-------+-----
Conjurations   | 5 |  5.2
Fighting       | |  0.2
Dodging        | |  2.7
Stealth        | |  2.7
Spellcasting   | |  3.5

Action                     || total
---------------------------++-------
  Melee: Lajatang          ||     3
   Cast: Magic Dart        ||    54
 Armour: Robe              ||     5
  Dodge: Dodged            ||    14

Table legend: (Time is in decaauts)
 A = Elapsed time spent in this place.
 B = Non-inter-level travel time spent in this place.
 C = Inter-level travel time spent in this place.
 D = Time resting spent in this place.
 E = Time spent auto-exploring this place.
 F = Levels seen in this place.
 G = Mean time per level.
                   A        B        C        D        E       F      G
               +--------+--------+--------+--------+--------+-----+--------+
         Total |   1173 |   1133 |     40 |      0 |   1001 |   2 |  586.5 |
       Dungeon |   1173 |   1133 |     40 |      0 |   1001 |   2 |  586.5 |
               +--------+--------+--------+--------+--------+-----+--------+

Top non-repeatable levels by time:
     D:1: 1156 daAuts
     D:2: 17 daAuts
